%YAML 1.1
%TAG !u! tag:unity3d.com,2011:
--- !u!1001 &6962735678648100733
PrefabInstance:
  m_ObjectHideFlags: 0
  serializedVersion: 2
  m_Modification:
    serializedVersion: 3
    m_TransformParent: {fileID: 0}
    m_Modifications:
    - target: {fileID: -8679921383154817045, guid: a1e880c958934d24ba8a85e1c26ea97a, type: 3}
      propertyPath: m_LocalPosition.x
      value: 28.795639
      objectReference: {fileID: 0}
    - target: {fileID: -8679921383154817045, guid: a1e880c958934d24ba8a85e1c26ea97a, type: 3}
      propertyPath: m_LocalPosition.y
      value: 0
      objectReference: {fileID: 0}
    - target: {fileID: -8679921383154817045, guid: a1e880c958934d24ba8a85e1c26ea97a, type: 3}
      propertyPath: m_LocalPosition.z
      value: 0.45405674
      objectReference: {fileID: 0}
    - target: {fileID: -8679921383154817045, guid: a1e880c958934d24ba8a85e1c26ea97a, type: 3}
      propertyPath: m_LocalRotation.w
      value: 0.7071067
      objectReference: {fileID: 0}
    - target: {fileID: -8679921383154817045, guid: a1e880c958934d24ba8a85e1c26ea97a, type: 3}
      propertyPath: m_LocalRotation.x
      value: -0.7071068
      objectReference: {fileID: 0}
    - target: {fileID: -8679921383154817045, guid: a1e880c958934d24ba8a85e1c26ea97a, type: 3}
      propertyPath: m_LocalRotation.y
      value: 0
      objectReference: {fileID: 0}
    - target: {fileID: -8679921383154817045, guid: a1e880c958934d24ba8a85e1c26ea97a, type: 3}
      propertyPath: m_LocalRotation.z
      value: -0
      objectReference: {fileID: 0}
    - target: {fileID: -8679921383154817045, guid: a1e880c958934d24ba8a85e1c26ea97a, type: 3}
      propertyPath: m_LocalEulerAnglesHint.x
      value: 0
      objectReference: {fileID: 0}
    - target: {fileID: -8679921383154817045, guid: a1e880c958934d24ba8a85e1c26ea97a, type: 3}
      propertyPath: m_LocalEulerAnglesHint.y
      value: 0
      objectReference: {fileID: 0}
    - target: {fileID: -8679921383154817045, guid: a1e880c958934d24ba8a85e1c26ea97a, type: 3}
      propertyPath: m_LocalEulerAnglesHint.z
      value: 0
      objectReference: {fileID: 0}
    - target: {fileID: 919132149155446097, guid: a1e880c958934d24ba8a85e1c26ea97a, type: 3}
      propertyPath: m_Name
      value: Tomb_Broken_Back
      objectReference: {fileID: 0}
    m_RemovedComponents: []
    m_RemovedGameObjects: []
    m_AddedGameObjects: []
    m_AddedComponents:
    - targetCorrespondingSourceObject: {fileID: 919132149155446097, guid: a1e880c958934d24ba8a85e1c26ea97a, type: 3}
      insertIndex: -1
      addedObject: {fileID: 6770216093451992765}
    - targetCorrespondingSourceObject: {fileID: 919132149155446097, guid: a1e880c958934d24ba8a85e1c26ea97a, type: 3}
      insertIndex: -1
      addedObject: {fileID: 530009199276194358}
    - targetCorrespondingSourceObject: {fileID: 919132149155446097, guid: a1e880c958934d24ba8a85e1c26ea97a, type: 3}
      insertIndex: -1
      addedObject: {fileID: 8834620180122995334}
    - targetCorrespondingSourceObject: {fileID: 919132149155446097, guid: a1e880c958934d24ba8a85e1c26ea97a, type: 3}
      insertIndex: -1
      addedObject: {fileID: 2987166105114742508}
    - targetCorrespondingSourceObject: {fileID: 919132149155446097, guid: a1e880c958934d24ba8a85e1c26ea97a, type: 3}
      insertIndex: -1
      addedObject: {fileID: 6468606457113105480}
    - targetCorrespondingSourceObject: {fileID: 919132149155446097, guid: a1e880c958934d24ba8a85e1c26ea97a, type: 3}
      insertIndex: -1
      addedObject: {fileID: 8728565474348952875}
  m_SourcePrefab: {fileID: 100100000, guid: a1e880c958934d24ba8a85e1c26ea97a, type: 3}
--- !u!1 &7809790291024484908 stripped
GameObject:
  m_CorrespondingSourceObject: {fileID: 919132149155446097, guid: a1e880c958934d24ba8a85e1c26ea97a, type: 3}
  m_PrefabInstance: {fileID: 6962735678648100733}
  m_PrefabAsset: {fileID: 0}
--- !u!65 &6770216093451992765
BoxCollider:
  m_ObjectHideFlags: 0
  m_CorrespondingSourceObject: {fileID: 0}
  m_PrefabInstance: {fileID: 0}
  m_PrefabAsset: {fileID: 0}
  m_GameObject: {fileID: 7809790291024484908}
  m_Material: {fileID: 0}
  m_IncludeLayers:
    serializedVersion: 2
    m_Bits: 0
  m_ExcludeLayers:
    serializedVersion: 2
    m_Bits: 0
  m_LayerOverridePriority: 0
  m_IsTrigger: 0
  m_ProvidesContacts: 0
  m_Enabled: 1
  serializedVersion: 3
  m_Size: {x: 0.5534878, y: 3.778171, z: 2.62676}
  m_Center: {x: 1.2898302, y: 0.13581896, z: 1.1261953}
--- !u!65 &530009199276194358
BoxCollider:
  m_ObjectHideFlags: 0
  m_CorrespondingSourceObject: {fileID: 0}
  m_PrefabInstance: {fileID: 0}
  m_PrefabAsset: {fileID: 0}
  m_GameObject: {fileID: 7809790291024484908}
  m_Material: {fileID: 0}
  m_IncludeLayers:
    serializedVersion: 2
    m_Bits: 0
  m_ExcludeLayers:
    serializedVersion: 2
    m_Bits: 0
  m_LayerOverridePriority: 0
  m_IsTrigger: 0
  m_ProvidesContacts: 0
  m_Enabled: 1
  serializedVersion: 3
  m_Size: {x: 0.53552246, y: 3.7729914, z: 2.7171438}
  m_Center: {x: -1.2736111, y: 0.13751663, z: 1.1343629}
--- !u!65 &8834620180122995334
BoxCollider:
  m_ObjectHideFlags: 0
  m_CorrespondingSourceObject: {fileID: 0}
  m_PrefabInstance: {fileID: 0}
  m_PrefabAsset: {fileID: 0}
  m_GameObject: {fileID: 7809790291024484908}
  m_Material: {fileID: 0}
  m_IncludeLayers:
    serializedVersion: 2
    m_Bits: 0
  m_ExcludeLayers:
    serializedVersion: 2
    m_Bits: 0
  m_LayerOverridePriority: 0
  m_IsTrigger: 0
  m_ProvidesContacts: 0
  m_Enabled: 1
  serializedVersion: 3
  m_Size: {x: 3.4660678, y: 4.5136724, z: 0.37637883}
  m_Center: {x: -0.002973199, y: 0.3538516, z: 2.6382337}
--- !u!65 &2987166105114742508
BoxCollider:
  m_ObjectHideFlags: 0
  m_CorrespondingSourceObject: {fileID: 0}
  m_PrefabInstance: {fileID: 0}
  m_PrefabAsset: {fileID: 0}
  m_GameObject: {fileID: 7809790291024484908}
  m_Material: {fileID: 0}
  m_IncludeLayers:
    serializedVersion: 2
    m_Bits: 0
  m_ExcludeLayers:
    serializedVersion: 2
    m_Bits: 0
  m_LayerOverridePriority: 0
  m_IsTrigger: 0
  m_ProvidesContacts: 0
  m_Enabled: 1
  serializedVersion: 3
  m_Size: {x: 2.0295048, y: 3.4759045, z: 0.4723847}
  m_Center: {x: -0.010561943, y: -0.18362522, z: -0.0031222405}
--- !u!65 &6468606457113105480
BoxCollider:
  m_ObjectHideFlags: 0
  m_CorrespondingSourceObject: {fileID: 0}
  m_PrefabInstance: {fileID: 0}
  m_PrefabAsset: {fileID: 0}
  m_GameObject: {fileID: 7809790291024484908}
  m_Material: {fileID: 0}
  m_IncludeLayers:
    serializedVersion: 2
    m_Bits: 0
  m_ExcludeLayers:
    serializedVersion: 2
    m_Bits: 0
  m_LayerOverridePriority: 0
  m_IsTrigger: 0
  m_ProvidesContacts: 0
  m_Enabled: 1
  serializedVersion: 3
  m_Size: {x: 1.935709, y: 1.0041715, z: 0.2186221}
  m_Center: {x: -0.02317524, y: 2.1086812, z: -0.0942712}
--- !u!65 &8728565474348952875
BoxCollider:
  m_ObjectHideFlags: 0
  m_CorrespondingSourceObject: {fileID: 0}
  m_PrefabInstance: {fileID: 0}
  m_PrefabAsset: {fileID: 0}
  m_GameObject: {fileID: 7809790291024484908}
  m_Material: {fileID: 0}
  m_IncludeLayers:
    serializedVersion: 2
    m_Bits: 0
  m_ExcludeLayers:
    serializedVersion: 2
    m_Bits: 0
  m_LayerOverridePriority: 0
  m_IsTrigger: 0
  m_ProvidesContacts: 0
  m_Enabled: 1
  serializedVersion: 3
  m_Size: {x: 2.0539036, y: 0.33255675, z: 0.23738663}
  m_Center: {x: -0.0067186356, y: -2.091231, z: -0.121925116}
